 Dungeon Crawl Stone Soup version 0.29.1-1-gd02db6906a (webtiles) character file.

Game seed: 9380343894216151560

39 LustLizard the Vexing (level 3, -3/18 HPs)
             Began as a Spriggan Arcane Marksman on Sept 27, 2022.
             Slain by Terence
             ... wielding a +2 short sword of electrocution
              (8 damage)
             ... on level 2 of the Dungeon.
             The game lasted 00:01:45 (1597 turns).

LustLizard the Vexing (Spriggan Arcane Marksman)    Turns: 1597, Time: 00:01:45

Health: -3/18      AC:  2    Str:  6    XL:     3   Next: 26%
Magic:  6/6        EV: 17    Int: 14    God:
Gold:   28         SH:  0    Dex: 17    Spells: 3/4 levels left

rFire   . . .      SeeInvis +   a - +1 sling
rCold   . . .      Faith    .   (no shield)
rNeg    . . .      Spirit   .   c - +0 robe
rPois   .          Reflect  .   (helmet restricted)
rElec   .          Harm     .   (no cloak)
rCorr   .          Rampage  .   (gloves unavailable)
Will    .....                   (boots unavailable)
Stlth   ++........              (no amulet)
HPRegen 0.06/turn               (no ring)
MPRegen 0.10/turn               (no ring)

@: very quick
A: very small, no large weapons, unfitting armour, see invisible, speed 3
a: no special abilities


You were on level 2 of the Dungeon.
You visited 1 branch of the dungeon, and saw 2 of its levels.

You collected 28 gold pieces.

Inventory:

Hand Weapons
 a - a +1 sling (weapon)
Armour
 c - a +0 robe (worn)
Jewellery
 e - an amulet of faith
Scrolls
 b - a scroll of poison
 d - a scroll of enchant weapon {unknown}
 f - a scroll of blinking {unknown}
Potions
 g - a potion of berserk rage
 h - a potion of attraction {unknown}
 i - 2 potions of curing
 j - a potion of mutation {unknown}
 k - a potion of lignification {unknown}


   Skills:
 + Level 1.2 Fighting
 * Level 2.6 Ranged Weapons
 - Level 2.6 Dodging
 * Level 2.7 Stealth
 - Level 1.3 Spellcasting
 - Level 4.0 Hexes


You had 3 spell levels left.
You knew the following spells:

 Your Spells              Type           Power      Damage    Failure   Level
a - Slow                  Hex            48%        N/A       4%          1

Your spell library contained the following spells:

 Spells                   Type           Power      Damage    Failure   Level
 Inner Flame              Hex/Fire       6%         N/A       32%         3
 Portal Projectile        Hex/Tloc       12%        N/A       32%         3
 Cause Fear               Hex            6%         N/A       43%         4


Dungeon Overview and Level Annotations

Branches:
Dungeon (2/15)

Altars:

Annotations:
D:2 Terence


Innate Abilities, Weirdness & Mutations

You are very small and have problems with some larger weapons.
You are too small for most types of armour.
You have supernaturally acute eyesight. (SInv)
You cover ground extremely quickly. (Speed+++)


Message History

Terence is heavily wounded.
You shoot a sling bullet.
The sling bullet hits Terence but does no damage.
Terence is heavily wounded.
Terence is no longer moving slowly.
You shoot a sling bullet.
The sling bullet closely misses Terence.
Terence says, "Did you write a will?
You should..."
There is an escape hatch in the floor here.
Casting: Slow (safe; 4% risk of failure)
Confirm with . or Enter, or press ? or * to list all spells.
Aiming: Slow (safe; 4% risk of failure)
Press: ? - help, Shift-Dir - straight line, f/p - Terence
Aim: Terence, wielding a +2 short sword of electrocution and wearing a +0 scale mail (heavily wounded, chance to affect: 60%) Terence seems to slow down.
You shoot a sling bullet.
The sling bullet hits Terence but does no damage.
Terence is heavily wounded.
You shoot a sling bullet. The sling bullet hits Terence.
Terence is heavily wounded.
You shoot a sling bullet. The sling bullet barely misses Terence.
You shoot a sling bullet. The sling bullet hits Terence!
Terence is almost dead.
You shoot a sling bullet.
The sling bullet closely misses Terence.
You shoot a sling bullet. The sling bullet barely misses Terence.
You shoot a sling bullet.
The sling bullet hits Terence but does no damage.
Terence is almost dead.
You shoot a sling bullet. The sling bullet barely misses Terence.
You shoot a sling bullet. The sling bullet barely misses Terence.
Terence is no longer moving slowly.
You shoot a sling bullet.
The sling bullet closely misses Terence.
Terence says, "Time to say good-bye..."
You shoot a sling bullet. The sling bullet barely misses Terence.
Terence hits you with a +2 short sword of electrocution!
* * * LOW HITPOINT WARNING * * *
You are electrocuted!
You die...

...(...†...###########
...########........>.#
...# #.########.# #.##
#.#......#.# #.#
#.#.####.#.# #.#
#.#.#.##.#.# #.#
#.#.#....#.# ..#
#.#.#.####.# #..
#.#...@@...# ...
###.###### .). #.# #.#
#.# #.# #.# #.# #<#


You could see Terence.

Vanquished Creatures
  2 gnolls (D:2)
  An endoplasm (D:1)
  2 hobgoblins (D:1)
  A quokka (D:1)
  2 ball pythons (D:1)
  5 bats
  A frilled lizard (D:1)
  3 goblins (D:1)
  A kobold (D:1)
  4 rats (D:1)
22 creatures vanquished.

Notes
Turn   | Place    | Note
-------+----------+-------------------------------------------
     0 | D:1      | LustLizard the Spriggan Arcane Marksman began the quest for
                  | the Orb.
     0 | D:1      | Reached XP level 1. HP: 9/9 MP: 3/3
   337 | D:1      | Reached skill level 1 in Stealth
   351 | D:1      | Found a faded altar of an unknown god.
   419 | D:1      | Reached skill level 1 in Fighting
   419 | D:1      | Reached XP level 2. HP: 14/14 MP: 5/5
   932 | D:1      | Reached skill level 4 in Hexes
  1269 | D:2      | Reached XP level 3. HP: 18/18 MP: 6/6
  1544 | D:2      | Noticed Terence
  1597 | D:2      | Slain by Terence

Illustrated notes

Levels and vault maps discovered:
D:1:      onia_arrival_mini_spirals, layout_loops_corners,
          ebering_ecumenical_altar_mist
D:2:      layout_basic, basic_altar, minmay_split_cup_large, uniq_terence

Skill      XL: |  1  2 |
---------------+-------+-----
Stealth        | 1 2 |  2.7
Fighting       | 1 |  1.2
Hexes          | 4 |  4.0
Ranged Weapons | |  2.6
Dodging        | |  2.6
Spellcasting   | |  1.3

Action                   || total
-------------------------++-------
 Fire: Sling             ||    75
 Cast: Slow              ||     3
  Use: Scroll            ||     2
Armor: Robe              ||     2
Dodge: Dodged            ||    15
